 Dungeon Crawl Stone Soup version 0.31-a0-971-g75a2e9a4b4 (webtiles) character file.

Game seed: 13111114531594333266

65 Fodor the Covered (level 3, -2/33 HPs)
             Began as a Minotaur Fighter on Oct 28, 2023.
             Slain by a worm (5 damage)
             ... on level 2 of the Dungeon.
             The game lasted 00:05:54 (988 turns).

Fodor the Covered (Minotaur Fighter)                 Turns: 988, Time: 00:05:54

Health: -2/33      AC:  9    Str: 22    XL:     3   Next: 92%
Magic:  2/2        EV:  8    Int:  5    God:
Gold:   94         SH:  5    Dex: 15    Spells: 2/2 levels left

rFire   . . .        a - +0 war axe
rCold   . . .        c - +0 buckler
rNeg    . . .        p - +0 chain mail
rPois   .            (helmet restricted)
rElec   .            (no cloak)
rCorr   .            (no gloves)
SInv    .            (no boots)
Will    .....        (no amulet) Stlth
                     e - +6 ring of dexterity
HPRegen 0.25/turn    (no ring)
MPRegen 0.08/turn

%: no passive effects
@: lethally poisoned (-2 -> -8)
A: horns 2, retaliatory headbutt
a: no special abilities


You were on level 2 of the Dungeon.
You visited 1 branch of the dungeon, and saw 2 of its levels.

You collected 94 gold pieces.

Inventory:

Hand Weapons
 a - a +0 war axe (weapon)
Missiles
 k - 10 boomerangs (quivered)
Armour
 c - a +0 buckler (worn)
 p - a +0 chain mail (worn)
Jewellery
 e - a +6 ring of dexterity (left hand)
Scrolls
 f - 2 scrolls of teleportation {unknown}
 g - a scroll of noise {unknown}
 i - a scroll of identify {unknown}
 l - a scroll of revelation {unknown}
 n - 4 scrolls of immolation
 o - a scroll of enchant weapon {unknown}
Potions
 d - a potion of might
 h - a potion of heal wounds {unknown}
 j - 4 potions of enlightenment {unknown}
 m - a potion of magic {unknown}


   Skills:
 + Level 4.0 Fighting
 + Level 3.2 Axes
 + Level 0.9 Throwing
 + Level 4.5 Armour
 + Level 0.6 Dodging
 + Level 4.0 Shields


You had 2 spell levels left.
You didn't know any spells.
Your spell library was empty.

Dungeon Overview and Level Annotations

Branches:
Dungeon (2/15)

Altars:


Innate Abilities, Weirdness & Mutations

You have a pair of horns on your head.
You reflexively headbutt those who attack you in melee.


Message History

The endoplasm barely misses you. You furiously retaliate!
You headbutt the endoplasm.
The endoplasm attacks as it pursues you!
The endoplasm barely misses you. You furiously retaliate!
You headbutt the endoplasm.
You kill the endoplasm!
You miss the kobold. Your headbutt misses the kobold.
The kobold hits you with a +1 short sword of venom.
You are poisoned.
The kobold hits you with a +1 short sword of venom.
You are more poisoned.
You hit the kobold.
The kobold is moderately wounded.
You feel very sick. You block the kobold's attack.
You closely miss the kobold.
The kobold is moderately wounded.
You hit the worm.
You feel sick. The kobold misses you.
You hit the kobold.
The kobold is severely wounded.
You hit the worm.
You feel sick. The kobold hits you but does no damage.
You are more poisoned.
The worm completely misses you.
The kobold hits you with a +1 short sword of venom.
You are lethally poisoned!
You feel very sick.
You feel very sick.
* * * LOW HITPOINT WARNING * * *
You feel very sick. You block the worm's attack.
You barely miss the worm.
The worm is lightly wounded.
* * * LOW HITPOINT WARNING * * *
You feel very sick. The worm bites you but does no damage.
You hit the worm but do no damage.
The worm is lightly wounded.
* * * LOW HITPOINT WARNING * * *
You feel sick. The worm bites you.
You die...

.# .. # #. #.#.
##. #.##.#. #..
#......###.#
#.......##.#
###.....#.##.#
###
...?...w#@##.#
..[ #.....#w##.#
#
###.!...#K...##
#####.
...........#..#
......
........#####.##
#####. .......##
#..# .......
##.# ####
....... #.# ...#
....... #.#


You could see a worm and a kobold.

Vanquished Creatures
  2 adders (D:2)
  A worm (D:2)
  2 dart slugs
  6 ball pythons
  4 bats
  3 endoplasms
  A giant cockroach (D:2)
  3 goblins
  5 hobgoblins
  A jackal (D:2)
  2 quokkas
  4 frilled lizards
  3 kobolds
  2 rats
39 creatures vanquished.

Notes
Turn   | Place    | Note
-------+----------+-------------------------------------------
     0 | D:1      | Fodor the Minotaur Fighter began the quest for the Orb.
     0 | D:1      | Reached XP level 1. HP: 19/19 MP: 0/0
   154 | D:1      | Reached XP level 2. HP: 21/27 MP: 1/1
   694 | D:2      | Reached XP level 3. HP: 25/33 MP: 2/2
   988 | D:2      | Slain by a worm

Illustrated notes

Levels and vault maps discovered:
D:1:      dpeg_arrival_rhombi, layout_rooms, minmay_pentomino_z2
D:2:      layout_rooms, shapermc_ecumenical_altar_flowoftime,
          hangedman_abyss_or_decor_stabs, minmay_circle_x

Skill      XL: |  1  2  3 |
---------------+----------+-----
Armour         | 4 |  4.5
Axes           | 3 |  3.2
Shields        | 4 |  4.0
Fighting       | 4 |  4.0
Throwing       | |  0.9
Dodging        | |  0.6

Action                     || total
---------------------------++-------
  Melee: War axe           ||    60
         Headbutt          ||     7
  Throw: Boomerang         ||    10
    Use: Scroll            ||     1
 Armour: Scale mail        ||    55
         Chain mail        ||     9
  Dodge: Dodged            ||    42
  Block: Buckler           ||    29

Table legend: (Time is in decaauts)
 A = Elapsed time spent in this place.
 B = Non-inter-level travel time spent in this place.
 C = Inter-level travel time spent in this place.
 D = Time resting spent in this place.
 E = Time spent auto-exploring this place.
 F = Levels seen in this place.
 G = Mean time per level.
                   A        B        C        D        E       F      G
               +--------+--------+--------+--------+--------+-----+--------+
         Total |   1012 |    974 |     38 |     69 |      0 |   2 |  506.0 |
       Dungeon |   1012 |    974 |     38 |     69 |      0 |   2 |  506.0 |
               +--------+--------+--------+--------+--------+-----+--------+

Top non-repeatable levels by time:
     D:1: 683 daAuts
     D:2: 329 daAuts
